 Dungeon Crawl Stone Soup version 0.26-a0-851-g735459dd53 (webtiles) character file.

Game seed: 2432487558256444917

72003 ANON1729 the Necromancer (level 14, -29/85 HPs)
             Began as a Mummy Necromancer on Nov 21, 2020.
             Was a High Priest of Fedhas.
             Engulfed by a cloud of flame (43 damage)
             ... on level 2 of the Orcish Mines.
             The game lasted 01:33:07 (30335 turns).

ANON1729 the Necromancer (Mummy Necromancer)       Turns: 30335, Time: 01:33:08

Health: -29/85     AC:  9    Str:  6    XL:     14   Next: 99%
Magic:  39/40      EV: 17    Int: 31    God:    Fedhas [*****.]
Gold:   1249       SH:  0    Dex: 14    Spells: 20/40 levels left

rFire    x . .     SeeInvis +   M - +10 long sword of the Everdark {vorpal, Str-5 Int+7 SInv}
rCold    + . .     Faith    .   (no shield)
rNeg     + + +     Spirit   .   d - +2 leather armour of Vehumet's Inspiration {rPois Slay+3 Stlth-}
rPois    ∞         Reflect  .   t - +0 helmet {SInv}
rElec    .         Harm     .   A - +1 cloak
rCorr    .         Rampage  .   k - +0 pair of gloves
MR       +....                  (no boots)
Stlth    +.........             r - amulet of regeneration
HPRegen  0.64/turn              x - +6 ring of intelligence
MPRegen  0.27/turn              i - ring of magical power

@: swift, very quick
A: no potions, fire vulnerability, cold resistance 1, negative energy resistance
3, torment resistance, unbreathing, in touch with death 1
a: Wall of Briars, Grow Ballistomycete, Overgrow, Grow Oklob, Renounce Religion


You were on level 2 of the Orcish Mines.
You worshipped Fedhas.
Fedhas was extremely pleased with you.
You visited 4 branches of the dungeon, and saw 23 of its levels.

You collected 2097 gold pieces.
You spent 848 gold pieces at shops.

Inventory:

Hand Weapons
 j - the +1 dagger of the Shining Light {vorpal, Dex+4}
   (You found it on level 12 of the Dungeon)

   It inflicts extra damage upon your enemies.
   It affects your dexterity (+4).
 I - the +8 whip of Spontaneous Combustion {freeze, +Fly}
   (You bought it in a shop on level 12 of the Dungeon)

   It has been specially enchanted to freeze those struck by it, causing extra
   injury to most foes and up to half again as much damage against particularly
   susceptible opponents.
   It can also slow down cold-blooded creatures.
   It lets you fly.
 M - the +10 long sword of the Everdark (weapon) {vorpal, Str-5 Int+7 SInv}
   (You found it on level 3 of the Lair of Beasts)

   It inflicts extra damage upon your enemies.
   It affects your strength (-5).
   It affects your intelligence (+7).
   It lets you see invisible.
 P - the +9 staff of Olgreb {rPois∞}
   (You found it on level 6 of the Lair of Beasts)

   It grants immunity to poison.
Missiles
 f - 25 boomerangs
 o - 56 poisoned darts (quivered)
 p - 7 atropa-tipped darts
Armour
 d - the +2 leather armour of Vehumet's Inspiration (worn) {rPois Slay+3 Stlth-}
   (You found it on level 4 of the Dungeon)

   It affects your accuracy and damage with ranged weapons and melee attacks
   (+3).
   It protects you from poison.
   It makes you less stealthy.
 k - a +0 pair of gloves (worn)
 s - the +4 chain mail of Stoicism {Regen+ Slay+3}
   (You found it on level 12 of the Dungeon)

   It affects your accuracy and damage with ranged weapons and melee attacks
   (+3).
   It increases your rate of regeneration.
 t - a +0 helmet of see invisible (worn)
 A - a +1 cloak (worn)
Jewellery
 c - an uncursed ring of protection from fire
 h - an uncursed ring of protection from fire
 i - a ring of magical power (right hand)
 q - a +4 ring of evasion
 r - an amulet of regeneration (around neck)
 w - a +4 ring of protection
 x - a +6 ring of intelligence (left hand)
 z - an uncursed amulet of magic regeneration
 B - an uncursed ring of fire
 Q - an uncursed ring of ice
Wands
 a - a wand of flame (72)
 u - a wand of paralysis (18)
 H - a wand of digging (18)
 K - a wand of enslavement (10)
 L - a wand of polymorph (3)
 N - a wand of acid (14)
Scrolls
 b - 3 scrolls of blinking
 e - 5 scrolls of enchant armour
 g - 6 scrolls of magic mapping
 l - 9 scrolls of teleportation
 m - 10 scrolls of remove curse
 n - 4 scrolls of amnesia
 v - a scroll of fog
 y - 2 scrolls of immolation
 C - 9 scrolls of identify
 E - 2 scrolls of torment
 F - a scroll of summoning
 G - 2 scrolls of enchant weapon
Miscellaneous
 D - a tin of tremorstones (1/2)
 J - a phantom mirror


   Skills:
 + Level 1.6 Long Blades
 * Level 2.3 Armour
 + Level 9.6 Dodging
 - Level 2.1 Stealth
 * Level 13.6 Spellcasting
 + Level 15.3 Necromancy
 - Level 6.0 Air Magic
 * Level 11.4 Invocations
 * Level 2.8 Evocations


You had 20 spell levels left.
You knew the following spells:

 Your Spells              Type           Power        Failure   Level
a - Pain                  Necr           ####         0%          1
b - Animate Skeleton      Necr           ######       0%          1
c - Vampiric Draining     Necr           ########..   1%          3
d - Animate Dead          Necr           ########..   1%          4
e - Agony                 Necr           ########     1%          5
f - Airstrike             Air            ######....   3%          4
g - Swiftness             Air            ######..     1%          2

Your spell library contained the following spells:

 Spells                   Type           Power        Failure   Level
 Shock                    Conj/Air       ####         1%          1
 Apportation              Tloc           ###...       3%          1
 Corona                   Hex            ###....      3%          1
 Foxfire                  Conj/Fire      ###.         3%          1
 Summon Small Mammal      Summ           ###.         3%          1
 Static Discharge         Conj/Air       #####...     3%          3
 Confusing Touch          Hex            ###.....     11%         3
 Conjure Flame            Conj/Fire      ###.....     11%         3
 Gell's Gravitas          Tloc           ###.......   11%         3
 Inner Flame              Hex/Fire       ###.....     11%         3
 Lightning Bolt           Conj/Air       #####.....   28%         5
 Petrify                  Tmut/Erth      ###.....     34%         4
 Sticky Flame             Conj/Fire      ###.....     34%         4
 Fireball                 Conj/Fire      ###.......   67%         5
 Irradiate                Conj/Tmut      ###.......   67%         5
 Metabolic Englaciation   Hex/Ice        ###.......   67%         5
 Yara's Violent Unravell  Hex/Tmut       ###.......   67%         5
 Hydra Form               Tmut           Unusable     N/A         6
 Statue Form              Tmut/Erth      Unusable     N/A         6
 Dragon Form              Tmut           Unusable     N/A         7

Dungeon Overview and Level Annotations

Branches:
Dungeon (14/15)            Temple (1/1) D:7            Lair (6/6) D:10
 Shoals (0/4) Lair:2        Snake (0/4) Lair:4        Slime (0/5) Lair:6
    Orc (1/2) D:10         Vaults (0/5) D:13

Altars:
Ashenzari
Cheibriados
Dithmenos
Elyvilon
Fedhas
Gozag
Hepliaklqana
Kikubaaqudgha
Makhleb
Nemelex Xobeh
Okawaru
Qazlal
Ru
Sif Muna
Trog
Uskayaw
Vehumet
Wu Jian
Xom
Yredelemnul
Zin
The Shining One
Jiyva

Shops:
D:11 *}   D:12 **   Orc:2 !*?(

Annotations:
D:2 1 runed translucent door, Crazy Yiuf
D:4 exclusion: downstairs
Lair:2 1 runed translucent door, Dankas's ghost, journeyman GrFE
Lair:6 3 runed translucent doors, Rushoj's ghost, journeyman MiBe


Innate Abilities, Weirdness & Mutations

You do not drink.
Your flesh is vulnerable to fire.
You are immune to poison.
Your flesh is cold resistant. (rC+)
You are immune to negative energy. (rN+++)
You are immune to unholy pain and torment.
You can survive without breathing.
You are in touch with the powers of death.


Message History

The fiery explosion engulfs the two-headed ogre!!!
Flame seeps out of the two-headed ogre.
The two-headed ogre is severely wounded.
The ogre explodes!
The fiery explosion engulfs the ogre!!
Flame seeps out of the ogre.
The ogre is almost dead.
The ogre mage explodes!
The fiery explosion engulfs the ogre!!
Fedhas accepts your kill.
The ogre explodes! x5
The fiery explosion engulfs the ogre!!
Fedhas accepts your kill.
The ogre explodes!
The fiery explosion engulfs the two-headed ogre!!
Fedhas accepts your kill.
The two-headed ogre explodes!
The ogre explodes!
You are engulfed in blazing flames.
Ouch! That really hurt!
You die...
Fedhas appreciates your contribution to the ecosystem.

##............#
...............
..§§§§§§§§..O..
..§○§§§§§§OO..O
.O§§§§○○§§OO...
.§§§§○§○○○O.O..
.§§§§○°○○§OOOO.
#.O§§§§○§..O.#
######@§######
...............
...............
###############


You could see 8 two-headed ogres and 7 ogres.

Vanquished Creatures
  Jorgrun (Orc:1)
  A dire elephant (Lair:5)
  Harold (D:10)
  7 vault guards (D:13)
  Erolcha (D:10)
  8 boulder beetles
  A catoblepas (Lair:6)
  8 hydras
  7 two-headed ogres
  4 ogre magi (Orc:2)
  A tengu warrior (D:12)
  Urug (Lair:5)
  13 death yaks
  2 unseen horrors
  A lindwurm (Lair:5)
  2 ugly things
  11 elephants
  3 black mambas
  12 cane toads
  12 rime drakes
  4 komodo dragons
  A troll (D:10)
  4 hornets
  7 polar bears
  Grinder (D:5)
  10 blink frogs
  14 dream sheep
  10 spriggans (Lair:6)
  A shadow (D:12)
  3 wyverns
  2 basilisks
  7 steam dragons
  18 yaks
  2 vampire mosquitoes (D:13)
  26 water moccasins
  An acid dragon (D:12)
  A floating eye (Lair:1)
  A swamp drake (Lair:3)
  3 ice beasts
  4 phantoms
  3 black bears
  5 orc warriors
  3 sky beasts
  An eye of draining (D:8)
  23 wolves
  20 ogres
  5 boggarts (Lair:6)
  10 centaurs
  A big kobold (D:7)
  19 bullfrogs
  3 gnoll sergeants
  A wyvern skeleton (D:7)
  4 scorpions
  8 wights
  3 howler monkeys (D:8)
  7 electric eels
  2 bullfrog zombies
  8 jellies
  4 gnoll shamans (D:7)
  5 orc priests
  11 hounds
  A centaur skeleton (D:10)
  4 bullfrog skeletons
  An iguana (D:7)
  14 orc wizards
  6 worker ants
  2 hound zombies (D:6)
  A hound skeleton (D:10)
  A worker ant zombie (D:9)
  11 adders
  43 gnolls
  A shadow imp (D:10)
  3 white imps
  An ufetubus (D:6)
  2 oozes (D:1)
  An adder zombie (D:8)
  An adder skeleton (D:7)
  3 worms
  2 dart slugs
  7 leopard geckos
  45 orcs
  9 bats
  4 giant cockroaches
  38 goblins
  34 hobgoblins
  23 jackals
  16 kobolds
  7 quokkas
  4 ball pythons
  7 frilled lizards
  A leopard gecko zombie (D:7)
  A quokka zombie (D:7)
  8 rats
  2 ballistomycete spores (Lair:5)
667 creatures vanquished.

Vanquished Creatures (collateral kills)
  A shadow (D:8)
  A spriggan (Lair:6)
  2 yaks (Lair:6)
  A shadow imp (D:10)
  An orc (Orc:1)
  28 ballistomycete spores
34 creatures vanquished.

Vanquished Creatures (others)
  An oklob plant (Lair:3)
  A yak (Lair:5)
  A bullfrog (Lair:1)
  An orc (Orc:1)
  A ballistomycete spore (Lair:5)
  2 bushes (Lair:6)
  99 fungi
  181 plants
287 creatures vanquished.

Grand Total: 988 creatures vanquished

Notes
Turn   | Place    | Note
-------+----------+-------------------------------------------
     0 | D:1      | ANON1729 the Mummy Necromancer began the quest for the Orb.
     0 | D:1      | Reached XP level 1. HP: 13/13 MP: 4/4
   186 | D:1      | Reached XP level 2. HP: 19/19 MP: 3/5
   361 | D:1      | Learned a level 1 spell: Animate Skeleton
   404 | D:1      | Reached XP level 3. HP: 21/24 MP: 0/7
  1264 | D:2      | Learned a level 3 spell: Vampiric Draining
  1333 | D:2      | Reached XP level 4. HP: 30/30 MP: 7/9
  2282 | D:2      | Found a runed translucent door.
  2283 | D:2      | Noticed Crazy Yiuf
  2584 | D:3      | Reached skill level 5 in Necromancy
  2592 | D:3      | Reached XP level 5. HP: 35/35 MP: 10/10
  2815 | D:3      | Found a shimmering altar of Xom.
  3483 | D:4      | Found a basalt altar of Yredelemnul.
  4163 | D:4      | Got a transparent leather armour
  4661 | D:4      | Reached XP level 6. HP: 40/41 MP: 12/12
  5430 | D:5      | Entered Level 5 of the Dungeon
  5462 | D:4      | Identified the +2 leather armour of Vehumet's Inspiration
                  | {rPois Slay+3 Stlth-} (You found it on level 4 of the
                  | Dungeon)
  5545 | D:5      | Noticed Grinder
  5600 | D:5      | Reached skill level 6 in Necromancy
  5614 | D:5      | Reached skill level 5 in Spellcasting
  5723 | D:5      | Reached XP level 7. HP: 46/46 MP: 14/14
  5858 | D:5      | Paralysed by Grinder for 6 turns
  5915 | D:5      | Learned a level 4 spell: Animate Dead
  5921 | D:5      | Learned a level 5 spell: Agony
  6717 | D:5      | Paralysed by Grinder for 7 turns
  6729 | D:5      | Paralysed by Grinder for 5 turns
  6742 | D:5      | Killed Grinder
  6743 | D:5      | Reached skill level 7 in Necromancy
  7130 | D:6      | Reached XP level 8. HP: 52/52 MP: 17/17
  7443 | D:6      | Reached skill level 8 in Necromancy
  7755 | D:6      | Found a sacrificial altar of Ru.
  7911 | D:6      | Found an ancient bone altar of Kikubaaqudgha.
  7926 | D:6      | Found a shimmering blue altar of Sif Muna.
  7953 | D:6      | Found a radiant altar of Vehumet.
  8516 | D:7      | Reached skill level 5 in Dodging
  8662 | D:7      | Reached skill level 9 in Necromancy
  8791 | D:7      | Reached XP level 9. HP: 57/57 MP: 16/20
  9680 | D:7      | Reached skill level 10 in Necromancy
  9834 | D:7      | Found a staircase to the Ecumenical Temple.
  9870 | Temple   | Entered the Ecumenical Temple
 10011 | Temple   | Became a worshipper of Fedhas Madash
 10771 | D:8      | Reached * piety under Fedhas
 10874 | D:8      | Reached skill level 1 in Invocations
 10880 | D:8      | Reached XP level 10. HP: 60/63 MP: 23/23
 11754 | D:9      | Learned a level 4 spell: Airstrike
 11818 | D:9      | Learned a level 2 spell: Swiftness
 12470 | D:10     | Entered Level 10 of the Dungeon
 12494 | D:10     | Reached ** piety under Fedhas
 12517 | D:10     | Reached skill level 11 in Necromancy
 12517 | D:10     | Reached skill level 1 in Air Magic
 12580 | D:10     | Found a staircase to the Lair.
 12948 | D:10     | Noticed Erolcha
 12957 | D:10     | Noticed an unseen horror
 12992 | D:9      | Killed an unseen horror
 13256 | D:10     | Noticed Harold
 13293 | D:10     | Killed Harold
 13500 | D:11     | Reached *** piety under Fedhas
 13588 | D:11     | Noticed a six-headed hydra
 13607 | D:11     | Killed a six-headed hydra
 13608 | D:11     | Reached XP level 11. HP: 30/68 MP: 14/24
 13760 | D:11     | Found Pacenuf's Gadget Boutique.
 13843 | D:11     | Reached skill level 10 in Spellcasting
 14078 | D:11     | Found Nemorr's General Store.
 14094 | D:11     | Bought a scroll of teleportation for 54 gold pieces
 14094 | D:11     | Bought a scroll of noise for 18 gold pieces
 14677 | D:12     | Reached skill level 5 in Invocations
 14783 | D:12     | Found Fighi's Assorted Antiques.
 15106 | D:12     | Noticed a brown ugly thing
 15116 | D:12     | Killed a brown ugly thing
 15117 | D:12     | Reached skill level 12 in Necromancy
 15210 | D:12     | Noticed a two-headed ogre
 15220 | D:12     | Killed a two-headed ogre
 15862 | D:12     | Found Niuckouh's Antique Armour Boutique.
 15879 | D:12     | Noticed a tengu warrior
 15885 | D:12     | Killed a tengu warrior
 15895 | D:12     | Got a scorched dagger
 15896 | D:12     | Identified the +1 dagger of the Shining Light {vorpal,
                  | Dex+4} (You found it on level 12 of the Dungeon)
 15986 | D:12     | Noticed a boulder beetle
 16109 | D:12     | Killed a boulder beetle
 16409 | D:12     | Found Qoppup's Assorted Antiques.
 16417 | D:12     | Bought a scroll of teleportation for 111 gold pieces
 16417 | D:12     | Bought a smoking whip for 277 gold pieces
 16417 | D:12     | Bought a silver ring for 185 gold pieces
 16417 | D:12     | Bought a scroll of identify for 74 gold pieces
 16417 | D:12     | Bought a scroll of magic mapping for 129 gold pieces
 16419 | D:12     | Identified the +8 whip of Spontaneous Combustion {freeze,
                  | +Fly} (You bought it in a shop on level 12 of the Dungeon)
 16571 | D:12     | Identified the +4 chain mail of Stoicism {Regen+ Slay+3}
                  | (You found it on level 12 of the Dungeon)
 16642 | Lair:1   | Entered Level 1 of the Lair of Beasts
 16642 | Lair:1   | Noticed a five-headed hydra
 16652 | Lair:1   | Killed a five-headed hydra
 16973 | Lair:1   | Noticed a seven-headed hydra
 16991 | Lair:1   | Killed a seven-headed hydra
 17138 | Lair:1   | Noticed an oklob plant
 17139 | Lair:1   | Noticed an oklob plant
 17154 | Lair:1   | Noticed an oklob plant
 17155 | Lair:1   | Paralysed by a floating eye for 4 turns
 17163 | Lair:1   | Paralysed by a floating eye for 4 turns
 17226 | Lair:1   | Paralysed by a floating eye for 2 turns
 17230 | Lair:1   | Paralysed by a floating eye for 3 turns
 17238 | Lair:1   | Paralysed by a floating eye for 2 turns
 17266 | Lair:1   | Reached **** piety under Fedhas
 17267 | Lair:1   | Reached XP level 12. HP: 65/74 MP: 23/26
 18011 | Lair:2   | Found a staircase to the Shoals.
 18306 | Lair:2   | Noticed a boulder beetle
 18339 | Lair:2   | Killed a boulder beetle
 18432 | Lair:2   | Found a runed translucent door.
 18433 | Lair:2   | Found a shimmering altar of Xom.
 18433 | Lair:2   | Noticed Dankas's ghost (journeyman GrFE)
 18488 | Lair:1   | Reached skill level 13 in Necromancy
 19516 | Lair:3   | Got a translucent long sword
 19517 | Lair:3   | Identified the +10 long sword of the Everdark {vorpal,
                  | Str-5 Int+7 SInv} (You found it on level 3 of the Lair of
                  | Beasts)
 20464 | Lair:4   | Found a staircase to the Snake Pit.
 20582 | Lair:4   | Noticed a death yak
 20599 | Lair:4   | Killed a death yak
 20600 | Lair:4   | Reached skill level 5 in Air Magic
 20673 | Lair:4   | Noticed a boulder beetle
 20684 | Lair:4   | Killed a boulder beetle
 20931 | Lair:4   | Noticed a death yak
 20937 | Lair:4   | Noticed a death yak
 20944 | Lair:4   | Killed a death yak
 20956 | Lair:4   | Killed a death yak
 20957 | Lair:4   | Gained mutation: You are in touch with the powers of death.
                  | [Mummy growth]
 20957 | Lair:4   | Reached XP level 13. HP: 36/79 MP: 1/28
 21392 | Lair:4   | Got an ivory spear
 21393 | Lair:4   | Identified the cursed +0 spear of Demand {antimagic, MR+
                  | Str-2 Int+4} (You found it on level 4 of the Lair of
                  | Beasts)
 22313 | Lair:5   | Reached skill level 14 in Necromancy
 22436 | Lair:5   | Noticed Urug
 23063 | Lair:5   | Killed Urug
 23734 | Lair:5   | Reached skill level 10 in Invocations
 23967 | Lair:5   | Reached ***** piety under Fedhas
 24252 | Lair:5   | Noticed a dire elephant
 24283 | Lair:5   | Killed a dire elephant
 24284 | Lair:5   | Reached XP level 14. HP: 60/85 MP: 6/30
 25030 | Lair:6   | Entered Level 6 of the Lair of Beasts
 25117 | Lair:6   | Noticed Rushoj's ghost (journeyman MiBe)
 25642 | Lair:6   | Reached skill level 15 in Necromancy
 26106 | Lair:6   | Found the +9 staff of Olgreb {rPois∞}
 26713 | Lair:6   | Reached skill level 1 in Evocations
 26975 | Lair:6   | Found a runed translucent gate.
 26975 | Lair:6   | Found a runed translucent gate.
 26975 | Lair:6   | Found a runed translucent gate.
 26994 | Lair:6   | Found a viscous altar of Jiyva.
 27073 | Lair:6   | Found a staircase to the Slime Pits.
 27617 | D:10     | Killed Erolcha
 27908 | D:10     | Found a staircase to the Orcish Mines.
 28717 | D:13     | Reached skill level 1 in Armour
 28730 | D:13     | Reached skill level 1 in Long Blades
 29002 | D:13     | Found a shimmering blue altar of Sif Muna.
 29026 | D:13     | Found a gate to the Vaults.
 29989 | Orc:1    | Entered Level 1 of the Orcish Mines
 29998 | Orc:1    | Noticed Jorgrun
 30061 | Orc:1    | Killed Jorgrun
 30331 | Orc:1    | You fall into a shaft and drop 1 floor!
 30331 | Orc:2    | Entered Level 2 of the Orcish Mines
 30331 | Orc:2    | Found Gasuav's General Store.
 30331 | Orc:2    | Found Qileleir's Antique Weapon Emporium.
 30331 | Orc:2    | Found Qiax's Distillery.
 30331 | Orc:2    | Found Daocvora's Magic Scroll Boutique.
 30335 | Orc:2    | Engulfed by a cloud of flame

Illustrated notes

Levels and vault maps discovered:
D:1:      dpeg_arrival_connections, layout_basic
D:2:      layout_loops_ring, minmay_small_reverse_x, uniq_crazy_yiuf_cottage
D:3:      layout_rooms, brannock_xom_greatest_gift, kennysheep_generic_room_5
D:4:      minmay_goblin_kobold_castle, layout_basic, kennysheep_little_box
D:5:      layout_layer_cave, minmay_fractal_squares_gapless_5, uniq_grinder
D:6:      layout_basic, palyth_temple_overflow_mages,
          nicolae_overflow_crystal_walls, grunt_ministairs_2
D:7:      layout_cave_pods, minmay_temple_entry_mist, serial_gnoll_camp,
          gnoll_camp_huts_moat, gnoll_camp_mini_loothouse,
          gnoll_camp_mini_house, gnoll_camp_mini_house, gnoll_camp_mini_hut
D:8:      layout_gridville
D:9:      layout_basic
D:10:     layout_long_grid, due_lair_maze_entry_diamond, orc_0_dummy,
          grunt_decor_one_mirror, minmay_misc_feat_roman, uniq_erolcha,
          uniq_harold
D:11:     layout_stronghold, serial_shops, shop,
          nicolae_shop_competitors_out_of_business
D:12:     layout_long_grid, serial_shops, shop, shop, nicolae_shop_trees,
          grunt_ministairs_11, serial_bayou_pond_b, hex_medium,
          kennysheep_generic_room_9
D:13:     layout_loops_ring, erik_vaults_2, lemuel_blue_sif_altar
D:14:     layout_cave_pools, serial_shops, shop,
          gammafunk_ghost_wrathful_warriors, elyvilon_altar_4
Temple:   nicolae_temple_elliptical
Lair:1:   layout_misc_corridors, disabler_island, infiniplex_staircase_pool_2,
          serial_bayou_shore_a
Lair:2:   layout_regular_city, elwin_shoals_entry_rocks, ebering_ghost_xom,
          minmay_holes
Lair:3:   statuecave_lemuel, layout_loops_ring, hibernation_bobbens,
          minmay_lair_oklob_chamber, lemuel_fruit_fields
Lair:4:   layout_gridlike, guppyfry_snake_entry_garden, st_stairs_6,
          grunt_megastairs_5
Lair:5:   beast_lair_carwin_large_2, layout_cave_pods, bobbens_dragon_lair_wall,
          uniq_urug
Lair:6:   minmay_lair_end_enchanted_forest, layout_loops_ring, slime_altar_1,
          maelrawn_ghost_gauntlet_escape, grunt_forest_small_clearings,
          nicolae_lair_yak_garden
Orc:1:    layout_diamond_mine, uniq_jorgrun, uniq_snorg, uniq_erica
Orc:2:    st_orc_ogre_mass, layout_diamond_mine, basic_altar,
          portal_ice_cave_entry_pillars_1, david_defended_altar_orc

Skill      XL: |  1  2  3  4  5  6  7  8  9 10 11 12 13 14 |
---------------+-------------------------------------------+-----
Spellcasting   | 3 4 5 6 7 9 10 11 12 13 | 13.6
Dodging        | 2 3 4 5 6 7 8 9 |  9.6
Stealth        | 2 |  2.1
Necromancy     | 5 6 7 9 10 11 12 13 14 15 | 15.3
Invocations    | 1 4 6 8 10 11 | 11.4
Air Magic      | 2 3 5 6 |  6.0
Evocations     | 2 |  2.8
Armour         | 2 |  2.3
Long Blades    | 1 |  1.6

Action                   |  1- 3 |  4- 6 |  7- 9 | 10-12 | 13-15 || total
-------------------------+-------+-------+-------+-------+-------++-------
Melee: Unarmed           |    14 |       |       |       |       ||    14
       Short sword       |     1 |    52 |   174 |       |       ||   227
       Whip              |       |       |   186 |   470 |       ||   656
       Long sword        |       |       |       |    54 |   222 ||   276
       Spear             |       |       |       |       |     4 ||     4
Throw: Dart              |       |       |     2 |       |       ||     2
 Cast: Pain              |    66 |   249 |   147 |   172 |   116 ||   750
       Vampiric Draining |       |     6 |    35 |   168 |   230 ||   439
       Animate Skeleton  |       |       |     3 |     6 |     1 ||    10
       Agony             |       |       |       |    21 |    19 ||    40
       Airstrike         |       |       |       |     3 |    86 ||    89
       Animate Dead      |       |       |       |       |     2 ||     2
       Swiftness         |       |       |       |       |     2 ||     2
Invok: Wall of Briars    |       |       |       |     4 |     3 ||     7
       Grow Ballistomyce |       |       |       |       |     4 ||     4
       Grow Oklob        |       |       |       |       |     1 ||     1
Evoke: Wand              |       |       |     3 |    10 |     7 ||    20
       Staff of Olgreb   |       |       |       |       |     2 ||     2
       Tin of tremorston |       |       |       |       |     1 ||     1
  Use: Scroll            |       |     4 |     6 |    11 |     5 ||    26
 Stab: Paralysed         |       |       |     8 |     1 |       ||     9
       Petrified         |       |       |       |       |    14 ||    14
       Petrifying        |       |       |       |       |     1 ||     1
Armor: Robe              |     5 |    17 |       |       |       ||    22
       Leather armour    |       |     1 |   136 |   218 |   109 ||   464
       Chain mail        |       |       |       |       |    12 ||    12
Dodge: Dodged            |    33 |   104 |   300 |   590 |   409 ||  1436
       Rpst.: Long sword |       |       |       |    21 |   114 ||   135

Table legend: (Time is in decaauts)
 A = Elapsed time spent in this place.
 B = Non-inter-level travel time spent in this place.
 C = Inter-level travel time spent in this place.
 D = Time resting spent in this place.
 E = Time spent auto-exploring this place.
 F = Levels seen in this place.
 G = Mean time per level.
                   A        B        C        D        E       F      G
               +--------+--------+--------+--------+--------+-----+--------+
         Total |  30631 |  29070 |   1561 |   7075 |  15844 |  23 | 1331.8 |
       Dungeon |  19204 |  18148 |   1056 |   3833 |  10535 |  14 | 1371.7 |
        Temple |    157 |    121 |     36 |      0 |    119 |   1 |  157.0 |
          Lair |  10966 |  10497 |    469 |   3189 |   5033 |   6 | 1827.7 |
  Orcish Mines |    303 |    303 |      0 |     53 |    157 |   2 |  151.5 |
               +--------+--------+--------+--------+--------+-----+--------+

Top non-repeatable levels by time:
  Lair:5: 2430 daAuts
     D:4: 2171 daAuts
     D:7: 2150 daAuts
  Lair:6: 2105 daAuts
    D:12: 2078 daAuts
  Lair:4: 2035 daAuts
    D:13: 1642 daAuts
  Lair:3: 1629 daAuts
    D:10: 1514 daAuts
     D:5: 1513 daAuts
  Lair:2: 1412 daAuts
  Lair:1: 1352 daAuts
    D:11: 1316 daAuts
     D:2: 1309 daAuts
     D:6: 1275 daAuts
